 Dungeon Crawl Stone Soup version 0.18-a0-1655-ge2d8d33 (webtiles) character file.

23301 inmateoo the Martial Artist (level 13, -2/67 HPs)
             Began as a Vine Stalker Ice Elementalist on Mar 30, 2016.
             Was the Champion of Cheibriados.
             Slain by a large slime creature (6 damage)
             ... on level 13 of the Dungeon on Mar 31, 2016.
             The game lasted 00:24:29 (12021 turns).

inmateoo the Martial Artist (VSIE)                 Turns: 12021, Time: 00:24:29

Health: -2/67      AC: 18    Str: 31    XL:     13   Next: 5%
Magic:  0/23       EV: 23    Int: 31    God:    Cheibriados [******]
Gold:   471        SH: 10    Dex: 39    Spells: 4 memorised, 15 levels left

rFire  . . .     SeeInvis .       - Unarmed
rCold  . . .     Gourm    +     f - +0 chain mail
rNeg   + + .     Faith    .     P - +0 buckler
rPois  +         Spirit   +     (no helmet)
rElec  .         Dismiss  .     p - +1 cloak
rCorr  .         Reflect  .     n - +0 pair of gloves
SustAt .         Harm     .     r - +0 pair of boots
MR     +++..                    o - amulet of the gourmand
Stlth  ++........               x - ring of Bouhen {+Fly rPois rN+ MR+}
                                j - ring of the Octopus King {rN+ AC+1 EV+1 Str+1 Int+1 Dex+1}

@: agile, about to teleport, very slow, extremely resistant to hostile
enchantments, unstealthy
A: fangs 3, large bone plates 1, agile 1, magic resistance 1, regeneration 3,
evolution 1, magic shield, antimagic bite, no device heal 3, rot immunity
a: Bend Time, Temporal Distortion, Slouch, Step From Time, Renounce Religion,
Evoke Flight


You were on level 13 of the Dungeon.
You worshipped Cheibriados.
Cheibriados was exalted by your worship.
You were not hungry.

You visited 2 branches of the dungeon, and saw 14 of its levels.

You collected 971 gold pieces.
You spent 500 gold pieces at shops.

Inventory:

Hand Weapons
 q - a +2 dagger of electrocution
 t - the cursed +0 whip of Superiority {vamp, Dex+6 Stlth+, unknown}
   (You found it on level 11 of the Dungeon)

   It inflicts no extra harm, but heals its wielder somewhat when it strikes a
   living foe.
   It affects your dexterity (+6).
   It makes you more stealthy.
   It has a curse placed upon it.
Armour
 f - a +0 chain mail (worn)
 n - a +0 pair of gloves (worn)
 p - a +1 cloak (worn)
 r - a +0 pair of boots (worn)
 P - a +0 buckler (worn)
Jewellery
 j - a ring of the Octopus King (left hand) {rN+ AC+1 EV+1 Str+1 Int+1 Dex+1}
   (You found it on level 7 of the Dungeon)

   [ring of positive energy]

   It affects your AC (+1).
   It affects your evasion (+1).
   It affects your strength (+1).
   It affects your intelligence (+1).
   It affects your dexterity (+1).
   It protects you from negative energy.
 o - an amulet of the gourmand (around neck)
 s - an uncursed ring of magical power {unknown}
 x - the ring of Bouhen (right hand) {+Fly rPois rN+ MR+}
   (You bought it in a shop on level 6 of the Dungeon)

   [ring of flight]

   It protects you from poison.
   It protects you from negative energy.
   It affects your resistance to hostile enchantments.
   It lets you fly.
 A - an uncursed ring of resist corrosion
 G - a cursed -3 ring of intelligence {unknown}
 N - an uncursed ring of protection from magic {unknown}
Wands
 l - a wand of confusion (11/48)
 w - a wand of lightning (9/15)
 y - a wand of digging (14/24)
 E - a wand of flame (16/48)
 I - a wand of teleportation (5/9)
 J - a wand of slowing (18/48)
 L - a wand of acid (0/15)
 O - a wand of flame (16/48)
Scrolls
 a - 3 scrolls of recharging
 b - a scroll of holy word
 d - 3 scrolls of amnesia
 g - 5 scrolls of remove curse
 h - 3 scrolls of teleportation
 M - a scroll of magic mapping
Potions
 e - a potion of lignification
 m - a potion of agility
 u - 2 potions of might
 v - 2 potions of cure mutation
 D - 3 potions of brilliance
 K - 2 potions of curing
Comestibles
 c - 6 bread rations
 i - 6 beef jerkies
 k - 9 meat rations
 B - 14 fruits
 F - 9 royal jellies


   Skills:
 + Level 7.2 Fighting
 - Level 5.2 Short Blades
 + Level 6.5 Armour
 + Level 6.8 Dodging
 - Level 2.4 Stealth
 + Level 4.0 Shields
 * Level 12.1 Unarmed Combat
 - Level 6.1 Spellcasting
 - Level 1.0 Conjurations
 - Level 2.0 Translocations
 - Level 3.0 Ice Magic
 + Level 5.8 Invocations


You had 15 spell levels left.
You knew the following spells:

 Your Spells              Type           Power        Failure   Level  Hunger
a - Freeze                Ice            ####         8%          1    None
b - Throw Frost           Conj/Ice       ###...       14%         2    None
c - Passage of Golubria   Tloc           N/A          85%         4    ##.....
d - Passwall              Trmt/Erth      #.........   30%         2    None


Dungeon Overview and Level Annotations

Branches:
Dungeon (13/15)            Temple (1/1) D:7            Lair (0/8) D:10
    Orc (0/2) D:12
 Vaults: D:13-14

Altars:
Cheibriados
Dithmenos
Elyvilon
Gozag
Kikubaaqudgha
Nemelex Xobeh
Pakellas
Qazlal
Sif Muna
Trog
Vehumet
Xom
Yredelemnul
Zin
The Shining One

Shops:
D:4 (%   D:6 =

Annotations:
D:6 20 exclusions


Innate Abilities, Weirdness & Mutations

You have razor-sharp teeth.
You regenerate.
When hurt, damage is shared between your health and your magic reserves.
Your bite disrupts and absorbs the magic of your enemies.
Potions and wands cannot restore your health.
You are immune to rotting.
You are partially covered in large bone plates (AC +2, SH +2).
You are agile. (Dex +2)
You are resistant to hostile enchantments.
You evolve.


Message History

The slime creature hits you.
* * * LOW HITPOINT WARNING * * *
The slime creature hits you but does no damage.
Unknown command.
Unknown command.
You're too confused!
You're too confused to move!
You feel less invigorated.
You feel less confused. The slime creature hits you.
The slime creature completely misses you.
The gargoyle closely misses you.
You block the large slime creature's attack.
Unknown command.
Unknown command.
Read which item? (? for menu, Esc to quit)
As you read the scroll of teleportation, it crumbles to dust.
You feel strangely unstable. You block the slime creature's attack.
The slime creature hits you but does no damage.
The large slime creature hits you!!
You die...

#.# #.#
#.###############.#
#.................#
...................
..............#####
..............#
..............# .
..............##########..
...........)....@J........
...............9JJ........
..........................
############...........
#........... #...........
#./......... #...........
............


You could see a large slime creature, 2 slime creatures and a gargoyle.

Vanquished Creatures
  Nessos (D:13)
  Fannar (D:10)
  A hydra (D:11)
  A centaur warrior (D:12)
  An unseen horror (D:11)
  3 hill giants
  Pikel (D:6)
  An orc knight (D:12)
  2 ugly things
  A manticore (D:10)
  An elephant (shapeshifter) (D:13)
  Maurice (D:9)
  2 centaur zombies
  An efreet (D:13)
  2 trolls
  A two-headed ogre (D:13)
  Grinder (D:6)
  5 slime creatures
  The ghost of slayr the Chiller, an amateur MfIE (D:6)
  14 yaks
  2 wyverns
  3 hungry ghosts
  8 vampire mosquitoes
  Edmund (D:6)
  2 hippogriffs
  A mottled dragon (D:11)
  Menkaure (D:7)
  A soldier ant (D:12)
  Duvessa (D:6)
  2 porcupines (D:10)
  2 water moccasins
  7 orc warriors
  4 sky beasts
  4 ice beasts
  3 black bears
  2 eyes of draining
  4 ogres
  4 wasps
  2 phantoms
  8 centaurs
  2 big kobolds (D:6)
  9 giant frogs
  A wyvern skeleton (D:12)
  Dowan (D:6)
  4 scorpions
  5 killer bees (D:11)
  6 wights
  2 electric eels (D:12)
  5 howler monkeys
  8 crimson imps
  5 giant frog zombies
  A hound (D:8)
  8 orc priests
  2 giant frog skeletons
  5 centaur skeletons
  2 jellies
  2 iguanas
  21 orc wizards
  2 hell rats (D:10)
  13 worker ants
  A killer bee zombie (D:11)
  A hound zombie (D:10)
  2 hound skeletons
  2 worker ant zombies (D:7)
  10 gnolls (D:6)
  17 adders
  A river rat (D:10)
  3 shadow imps
  An ooze (D:6)
  2 worms (D:2)
  A dart slug (D:1)
  3 giant geckos
  65 orcs
  6 bats
  3 giant cockroaches
  34 goblins
  21 hobgoblins
  18 jackals
  12 kobolds
  8 quokkas
  2 ball pythons
  A giant cockroach zombie (D:5)
  A giant gecko zombie (D:5)
  5 giant newts
  A quokka skeleton (D:6)
  2 quokka zombies (D:6)
  4 rats
  A spectral orc (D:3)
436 creatures vanquished.

Vanquished Creatures (others)
  A slave (D:6)
  A centaur (D:6)
  A big kobold (D:6)
  An adder (D:4)
  An orc (D:12)
5 creatures vanquished.

Grand Total: 441 creatures vanquished

Notes
Turn   | Place    | Note
--------------------------------------------------------------
     0 | D:1      | inmateoo the Vine Stalker Ice Elementalist began the quest for the Orb.
     0 | D:1      | Reached XP level 1. HP: 9/9 MP: 4/4
    87 | D:1      | Reached skill level 1 in Unarmed Combat
   169 | D:1      | Reached XP level 2. HP: 11/13 MP: 4/6
   221 | D:1      | Learned a level 2 spell: Throw Frost
   275 | D:1      | Reached skill level 2 in Unarmed Combat
   577 | D:1      | Reached XP level 3. HP: 12/16 MP: 5/7
   959 | D:2      | Reached skill level 3 in Unarmed Combat
   983 | D:2      | Found a white marble altar of Elyvilon.
  1141 | D:2      | Reached XP level 4. HP: 21/21 MP: 8/8
  1229 | D:2      | Found an ancient bone altar of Kikubaaqudgha.
  1645 | D:2      | Reached skill level 4 in Unarmed Combat
  1687 | D:2      | Found a stormy altar of Qazlal.
  1844 | D:3      | Reached XP level 5. HP: 5/24 MP: 0/9
  2069 | D:3      | Reached skill level 5 in Unarmed Combat
  2340 | D:3      | Found a basalt altar of Yredelemnul.
  2659 | D:4      | Found a shimmering altar of Xom.
  2677 | D:4      | Gained mutation: You heal very quickly. [Vine Stalker growth]
  2677 | D:4      | Reached XP level 6. HP: 25/29 MP: 7/10
  2711 | D:4      | Found Nuvoon's Antique Weapon Shoppe.
  2732 | D:4      | Noticed a phantom
  2780 | D:4      | Killed a phantom
  2964 | D:4      | Reached skill level 1 in Fighting
  2966 | D:4      | Reached skill level 1 in Armour
  3132 | D:4      | Reached XP level 7. HP: 31/33 MP: 9/11
  3427 | D:4      | Found Yfus's Food Emporium.
  3467 | D:4      | Reached skill level 6 in Unarmed Combat
  3584 | D:4      | Found a radiant altar of Vehumet.
  3679 | D:5      | Entered Level 5 of the Dungeon
  3757 | D:5      | Reached skill level 1 in Short Blades
  3932 | D:5      | Found a bloodstained altar of Trog.
  4145 | D:5      | Gained mutation: You have a pair of small horns on your head. [potion of mutation]
  4145 | D:5      | Gained mutation: You are partially covered in large bone plates (AC +2, SH +2). [potion of mutation]
  4145 | D:5      | Lost mutation: You have a pair of small horns on your head. [potion of mutation]
  4146 | D:5      | Gained mutation: You are agile. (Dex +2) [potion of beneficial mutation]
  4315 | D:5      | Found a glowing silver altar of Zin.
  4336 | D:5      | Gained mutation: You have razor-sharp teeth. [Vine Stalker growth]
  4336 | D:5      | Reached XP level 8. HP: 39/39 MP: 12/14
  4621 | D:6      | Noticed Pikel
  4635 | D:6      | Killed Pikel
  4635 | D:6      | Reached skill level 7 in Unarmed Combat
  4736 | D:6      | Noticed Edmund
  4753 | D:6      | Killed Edmund
  4854 | D:6      | Noticed Grinder
  4861 | D:6      | Killed Grinder
  4861 | D:6      | Reached XP level 9. HP: 44/44 MP: 16/16
  4862 | D:6      | Found an opulent altar of Gozag.
  5179 | D:6      | Noticed slayr's ghost (amateur MfIE)
  5194 | D:6      | Killed slayr's ghost
  5271 | D:6      | Found a shadowy altar of Dithmenos.
  5347 | D:6      | Noticed Dowan
  5348 | D:6      | Noticed Duvessa
  5350 | D:6      | Found Focuitan's Jewellery Shop.
  5356 | D:6      | Killed Duvessa
  5356 | D:6      | Reached skill level 8 in Unarmed Combat
  5362 | D:6      | Killed Dowan
  6051 | D:7      | Noticed Menkaure
  6057 | D:7      | Killed Menkaure
  6057 | D:7      | Reached skill level 5 in Spellcasting
  6130 | D:7      | Found a staircase to the Ecumenical Temple.
  6139 | Temple   | Entered the Ecumenical Temple
  6150 | Temple   | Became a worshipper of Cheibriados the Contemplative
  6190 | D:7      | Learned a level 4 spell: Passage of Golubria
  6413 | D:7      | Reached * piety under Cheibriados
  6469 | D:7      | Reached XP level 10. HP: 22/49 MP: 19/19
  6594 | D:7      | Got a ring of the Octopus King
  6832 | D:7      | Identified a ring of the Octopus King {rN+ AC+1 EV+1 Str+1 Int+1 Dex+1} (You found it on level 7 of the Dungeon)
  6870 | D:7      | Reached ** piety under Cheibriados
  6873 | D:7      | Got a crude war axe
  6874 | D:7      | Identified the cursed +0 war axe of Paper {chop, -Tele Str+7} (You found it on level 7 of the Dungeon)
  7046 | D:8      | Reached skill level 9 in Unarmed Combat
  7191 | D:6      | Bought the ring of Bouhen {+Fly rPois rN+ MR+} for 500 gold pieces
  7715 | D:8      | Reached *** piety under Cheibriados
  8102 | D:8      | Reached skill level 5 in Fighting
  8157 | D:9      | Found a sparkling altar of Nemelex Xobeh.
  8182 | D:9      | Found a snail-covered altar of Cheibriados.
  8375 | D:9      | Reached skill level 5 in Short Blades
  8386 | D:9      | Noticed Maurice
  8392 | D:9      | Killed Maurice
  8392 | D:9      | Reached skill level 1 in Invocations
  8626 | D:9      | Reached XP level 11. HP: 50/55 MP: 21/21
  8729 | D:9      | Reached **** piety under Cheibriados
  8757 | D:9      | Reached skill level 10 in Unarmed Combat
  8944 | D:10     | Entered Level 10 of the Dungeon
  8968 | D:10     | Reached skill level 5 in Dodging
  8971 | D:10     | Noticed a manticore
  8981 | D:10     | Killed a manticore
  8981 | D:10     | Reached skill level 1 in Translocations
  9110 | D:10     | Noticed Fannar
  9131 | D:10     | Found a staircase to the Lair.
  9151 | D:10     | Killed Fannar
  9353 | D:10     | Learned a level 2 spell: Passwall
  9720 | D:11     | Reached skill level 5 in Armour
  9756 | D:11     | Reached ***** piety under Cheibriados
  9857 | D:11     | Noticed a green ugly thing
  9874 | D:11     | Killed a green ugly thing
 10069 | D:11     | Reached skill level 1 in Shields
 10095 | D:11     | Got an ichor-stained whip
 10147 | D:11     | Noticed a six-headed hydra
 10161 | D:11     | Killed a six-headed hydra
 10332 | D:11     | Killed an unseen horror
 10503 | D:12     | Reached skill level 11 in Unarmed Combat
 10503 | D:12     | Gained mutation: You regenerate. [Vine Stalker growth]
 10503 | D:12     | Reached XP level 12. HP: 61/61 MP: 22/22
 10590 | D:12     | Gained mutation: You evolve. [mutagenic meat]
 10745 | D:12     | Found an oddly glowing altar of Pakellas.
 10776 | D:12     | Gained mutation: You are resistant to hostile enchantments. [evolution]
 11043 | D:12     | Noticed a centaur warrior
 11046 | D:12     | Reached ****** piety under Cheibriados
 11051 | D:12     | Killed a centaur warrior
 11051 | D:12     | Reached skill level 5 in Invocations
 11503 | D:12     | Found a staircase to the Orcish Mines.
 11608 | D:13     | Found an opulent altar of Gozag.
 11609 | D:13     | Noticed Nessos
 11627 | D:13     | Killed Nessos
 11773 | D:13     | Reached skill level 12 in Unarmed Combat
 11935 | D:13     | Reached XP level 13. HP: 62/67 MP: 23/23
 12012 | D:13     | HP: 3/67 [large slime creature (24)]
 12018 | D:13     | HP: 3/67 [slime creature (3)]
 12021 | D:13     | Slain by a large slime creature

Vault maps used:
D:1:      noname_arrival_rooms_in_the_neighbourhood
D:2:      overflow_temple_1_default, nicolae_qazlal_eye_of_the_storm,
          lemuel_doored_altar, nicolae_overflow_hidden_temple
D:3:      yredelemnul_forgotten_temple_becter, first_bread, hex_medium
D:4:      xom_butterflies, fiery_altar_vehumet, serial_shops,
          nicolae_shop_trees, shop_statue
D:5:      zin_treasury, lightli_temple_of_fire
D:6:      minmay_goblin_kobold_castle, old_standard_altar, basic_altar,
          serial_shops, shop, uniq_grinder, uniq_edmund, uniq_pikel,
          uniq_duvessa
D:7:      minmay_temple_entry_mist, uniq_menkaure
D:8:      hangedman_pestilent_swarm, nrook_loot_triangle
D:9:      kennysheep_blocky_room, nemelex_xobeh_ov_fountains_minmay,
          cheibriados_altar_1, uniq_maurice
D:10:     lemuel_upstairs_altar, dpeg_lair_monsters, grunt_ministairs_2,
          uniq_fannar
D:12:     erik_orc_2, grunt_pakellas_basics
D:13:     nicolae_gozag_seed_capital, uniq_nessos
Temple:   nicolae_temple_great_sept

Skill      XL: |  1  2  3  4  5  6  7  8  9 10 11 12 13 |
---------------+----------------------------------------+-----
Unarmed Combat | 1 2 3 4 5 6 7 8 9 11 12 | 12.1
Fighting       | 1 2 3 4 5 6 7 |  7.2
Armour         | 1 2 3 4 5 6 |  6.5
Dodging        | 2 3 4 5 6 |  6.8
Short Blades   | 1 2 4 5 |  5.2
Spellcasting   | 3 4 5 6 |  6.1
Invocations    | 1 4 5 |  5.8
Translocations | 2 |  2.0
Shields        | 2 3 4 |  4.0
Stealth        | |  2.4
Conjurations   | |  1.0
Ice Magic      | |  3.0

Action                   |  1- 3 |  4- 6 |  7- 9 | 10-12 | 13-15 || total
-------------------------+-------+-------+-------+-------+-------++-------
Melee: Unarmed           |    38 |    67 |   313 |   666 |    17 ||  1101
       Dagger            |       |    75 |   104 |       |       ||   179
 Cast: Freeze            |    49 |    39 |       |       |       ||    88
       Throw Frost       |       |     3 |       |       |       ||     3
Invok: Slouch            |       |       |       |     3 |     1 ||     4
Evoke: Wand              |       |       |     6 |    18 |       ||    24
  Use: Scroll            |     3 |     6 |     7 |    10 |     1 ||    27
       Potion            |       |       |     2 |     4 |     2 ||     8
 Stab: Sleeping          |     2 |     3 |     3 |       |       ||     8
       Distracted        |       |       |     2 |       |       ||     2
       Confused          |       |       |     5 |     1 |       ||     6
  Eat: Chunk             |     1 |     9 |    10 |    14 |       ||    34
       Meat ration       |       |       |     1 |       |       ||     1
       Pizza             |       |       |       |     1 |       ||     1
